 Dungeon Sprint DCSS version 0.21-a0-237-g87df72b (webtiles) character file.

7419 Kidiri the Eclecticist (level 10, 0/61 HPs)
             Began as a Deep Elf Fire Elementalist on Sept 2, 2017.
             Was the Champion of Vehumet.
             Succumbed to a redback's poison
             ... in the Dungeon (Sprint III: "The Ten Rune Challenge").
             The game lasted 00:14:50 (3547 turns).

Kidiri the Eclecticist (Deep Elf Fire Elementalist) Turns: 3547, Time: 00:14:51

Health: 0/61       AC:  5    Str:  8    XL:     10   Next: 93%
Magic:  18/32      EV: 24    Int: 26    God:    Vehumet [******]
Gold:   68         SH:  0    Dex: 17    Spells: 6/42 levels left

rFire    . . .     SeeInvis .   d - +0 dagger
rCold    . . .     Gourm    .   (no shield)
rNeg     + . .     Faith    .   F - +0 leather armour
rPois    .         Spirit   .   (no helmet)
rElec    .         Reflect  .   m - +0 cloak
rCorr    .         Harm     +   (no gloves)
MR       +....     NoTele   +   (no boots)
Stlth    +++.......             x - amulet of Zaq Gomy {Harm *Drain +Inv rN+ Str+3}
HPRegen  0.20/turn              w - +6 ring of evasion
MPRegen  0.23/turn              (no ring)

@: lethally poisoned (0 -> -26)
A: thin skeletal structure 1, clever 1
a: Renounce Religion, Evoke Invisibility


You were in the Dungeon.
You worshipped Vehumet.
Vehumet was exalted by your worship.
You were full.

You visited 1 branch You collected 68 gold pieces.

Inventory:

Hand Weapons
 d - a +0 dagger (weapon)
Missiles
 b - 5 throwing nets (quivered)
Armour
 a - a +0 robe
 k - a +0 shield
 m - a +0 cloak (worn)
 F - a +0 leather armour (worn)
Jewellery
 w - a +6 ring of evasion (left hand)
 x - the amulet of Zaq Gomy (around neck) {Harm *Drain +Inv rN+ Str+3}
   (You found it in the Dungeon)

   [amulet of harm]

   It increases damage dealt and taken.
   It affects your strength (+3).
   It protects you from negative energy.
   It lets you turn invisible.
   It causes draining when unequipped.
Wands
 t - a wand of disintegration (12/24)
 A - a wand of disintegration (15/24)
Scrolls
 i - a scroll of blinking
 o - a scroll of torment {unknown}
 p - 2 scrolls of fear {unknown}
 s - a scroll of holy word {unknown}
 y - a scroll of enchant weapon {unknown}
 B - a scroll of immolation {unknown}
 C - a scroll of recharging {unknown}
Potions
 e - a potion of heal wounds
 f - a potion of haste
 g - 2 potions of magic
 h - a potion of berserk rage
 l - a potion of cancellation
 n - 2 potions of mutation
 u - a potion of invisibility
 v - a potion of brilliance {unknown}
 z - a potion of lignification {unknown}
Comestibles
 c - 3 bread rations
 j - 19 royal jellies


   Skills:
 + Level 6.5 Fighting
 + Level 7.8 Short Blades
 + Level 6.8 Armour
 + Level 10.0 Dodging
 - Level 2.4 Stealth
 + Level 5.0 Shields
 * Level 16.6 Spellcasting
 + Level 10.3 Conjurations
 + Level 10.8 Fire Magic
 + Level 5.5 Ice Magic
 + Level 4.2 Air Magic
 + Level 4.7 Poison Magic
 + Level 2.5 Evocations


You had 6 spell levels left.
You knew the following spells:

 Your Spells              Type           Power        Failure   Level  Hunger
a - Flame Tongue          Conj/Fire      #####        1%          1    None
b - Throw Flame           Conj/Fire      ######       1%          2    None
c - Conjure Flame         Conj/Fire      ######..     1%          3    None
d - Inner Flame           Hex/Fire       #####...     1%          3    None
e - Sticky Flame          Conj/Fire      ######..     1%          4    None
f - Fireball              Conj/Fire      ######....   1%          5    None
g - Bolt of Fire          Conj/Fire      ######....   1%          6    ###....
h - Throw Frost           Conj/Ice       ######       1%          2    None
i - Mephitic Cloud        Conj/Pois/Air  ######..     1%          3    None
j - Orb of Destruction    Conj           ######....   11%         7    #####..


Dungeon Overview and Level Annotations

Branches:
Dungeon (1/1)

Altars:
Cheibriados
Dithmenos
Elyvilon
Fedhas
Gozag
Hepliaklqana
Kikubaaqudgha
Makhleb
Nemelex Xobeh
Okawaru
Qazlal
Ru
Sif Muna
Trog
Uskayaw
Vehumet
Wu Jian
Xom
Yredelemnul
Zin
The Shining One
Beogh
Jiyva
Lugonu

Annotations:
D exclusion: 2 doors


Innate Abilities, Weirdness & Mutations

You have a somewhat thin skeletal structure. (Dex +2, Stealth)
Your mind is acute. (Int +2)


Message History

You kill the redback!
Vehumet accepts your kill.
Vehumet offers you knowledge of Freezing Cloud.
You feel your power returning.
You feel much better.
You feel very sick.
You feel very sick.
* * * LOW HITPOINT WARNING * * *
You feel very sick.
* * * LOW HITPOINT WARNING * * *
You feel very sick.
* * * LOW HITPOINT WARNING * * *
You feel very sick.
* * * LOW HITPOINT WARNING * * *
You feel very sick.
* * * LOW HITPOINT WARNING * * *
You feel very sick.
* * * LOW HITPOINT WARNING * * *
You feel sick.
You die...

#.....#.):#__#...'##.#)#)##)#.%##
##....#___#__+...#...#..#..##..'.
▓▓▓▓▓▓▓▓▓▓▓▓▓▓▓▓▓▓▓▓▓▓▓▓▓▓▓▓▓▓#.
♣♣≈≈≈........≈≈≈...#.
+♣♣'♣≈≈≈≈≈≈≈≈≈≈≈≈♣♣..'.
#.≈♣♣♣♣♣♣♣♣♣♣♣♣♣♣♣♣..#. #..♣♣
♣..## ###'♣♣♣♣♣ ♣..# ♣♣♣♣.##@.##
#..# ♣...##.##.# #|.# ♣♣.##.##.##
##+# ♣..#.##. ♣♣.##.## ♣♣.##.#
♣.....# #######


There were no monsters in sight!

Vanquished Creatures
  Erolcha (D)
  A deep elf mage (D)
  A lindwurm (D)
  2 spiny frogs (D)
  A komodo dragon (D)
  3 wandering mushrooms (D)
  A queen bee (D)
  2 tyrant leeches (D)
  5 redbacks (D)
  A shadow (D)
  A spatial vortex (D)
  A necrophage (D)
  A black mamba simulacrum (D)
  5 two-headed ogres (D)
  A water elemental (D)
  28 killer bees (D)
  A jelly (D)
  A wizard (D)
  Crazy Yiuf (D)
  Jessica (D)
  A necromancer (D)
  3 wolf simulacra (D)
  3 humans (D)
  A kobold demonologist (D)
  2 oozes (D)
  A rat (D)
  3 plants (D)
73 creatures vanquished.

Vanquished Creatures (collateral kills)
  4 killer bees (D)
4 creatures vanquished.

Vanquished Creatures (others)
  2 draconian scorchers (D)
  6 hellions (D)
  2 yaktaurs (D)
10 creatures vanquished.

Grand Total: 87 creatures vanquished

Notes
Turn   | Place    | Note
-------+----------+-------------------------------------------
     0 | D        | Kidiri the Deep Elf Fire Elementalist began the quest for the Orb.
     0 | D        | Reached XP level 1. HP: 10/10 MP: 6/6
     8 | D        | Reached skill level 4 in Spellcasting
    41 | D        | Reached XP level 2. HP: 10/15 MP: 4/9
    75 | D        | Killed a hellion
   128 | D        | Killed a hellion
   143 | D        | Killed a hellion
   143 | D        | Killed a hellion
   150 | D        | Noticed Jessica
   153 | D        | Killed a hellion
   154 | D        | Killed Jessica
   154 | D        | Reached skill level 6 in Spellcasting
   154 | D        | Reached XP level 3. HP: 19/19 MP: 5/13
   154 | D        | Killed a hellion
   158 | D        | Learned a level 2 spell: Throw Flame
   162 | D        | Learned a level 3 spell: Conjure Flame
   166 | D        | Learned a level 3 spell: Inner Flame
   166 | D        | Killed a yaktaur
   192 | D        | Killed a white draconian scorcher
   204 | D        | Killed a white draconian scorcher
   217 | D        | Noticed Crazy Yiuf
   222 | D        | Killed Crazy Yiuf
   222 | D        | Reached skill level 7 in Spellcasting
   222 | D        | Reached skill level 5 in Fire Magic
   222 | D        | Reached skill level 8 in Spellcasting
   222 | D        | Reached XP level 4. HP: 24/24 MP: 4/16
   228 | D        | Learned a level 4 spell: Sticky Flame
   294 | D        | Gained mutation: Your flesh is cold resistant. (rC+) [potion of mutation]
   294 | D        | Gained mutation: You are agile. (Dex +2) [potion of mutation]
   295 | D        | Lost mutation: You are agile. (Dex +2) [potion of mutation]
   295 | D        | Lost mutation: Your flesh is cold resistant. (rC+) [potion of mutation]
   295 | D        | Gained mutation: You have a somewhat thin skeletal structure. (Dex +2, Stealth) [potion of mutation]
   295 | D        | Gained mutation: Your mind is acute. (Int +2) [potion of mutation]
   312 | D        | Noticed a water elemental
   314 | D        | Killed a water elemental
   314 | D        | Reached skill level 9 in Spellcasting
   314 | D        | Reached skill level 5 in Conjurations
   314 | D        | Reached XP level 5. HP: 28/28 MP: 12/19
   326 | D        | Learned a level 5 spell: Fireball
   355 | D        | Found a radiant altar of Vehumet.
   356 | D        | Found a deep blue altar of Sif Muna.
   356 | D        | Found an ancient bone altar of Kikubaaqudgha.
   358 | D        | Reached skill level 1 in Short Blades
   358 | D        | Reached skill level 10 in Spellcasting
   360 | D        | Reached skill level 1 in Fighting
   360 | D        | Reached skill level 1 in Armour
   373 | D        | Became a worshipper of Vehumet
   414 | D        | Found a glowing silver altar of Zin.
   415 | D        | Found a glowing golden altar of the Shining One.
   415 | D        | Found a white marble altar of Elyvilon.
   415 | D        | Noticed a deep elf mage
   419 | D        | Killed a deep elf mage
   419 | D        | Reached skill level 5 in Dodging
   419 | D        | Reached skill level 12 in Spellcasting
   419 | D        | Reached XP level 6. HP: 37/37 MP: 13/23
   419 | D        | Reached XP level 7. HP: 41/41 MP: 13/24
   474 | D        | Found an ornate altar of the Wu Jian Council.
   474 | D        | Found a roughly hewn altar of Beogh.
   474 | D        | Found an iron altar of Okawaru.
   474 | D        | Found a bloodstained altar of Trog.
   474 | D        | Found a hide-covered altar of Uskayaw.
   474 | D        | Noticed a human
   476 | D        | Noticed a human
   481 | D        | Killed a human
   488 | D        | Killed a human
   488 | D        | Reached * piety under Vehumet
   488 | D        | Offered knowledge of Freeze by Vehumet.
   600 | D        | Found a basalt altar of Yredelemnul.
   600 | D        | Found a shadowy altar of Dithmenos.
   600 | D        | Found a sacrificial altar of Ru.
   603 | D        | Reached skill level 13 in Spellcasting
   604 | D        | Reached XP level 8. HP: 42/46 MP: 20/27
   643 | D        | Offered knowledge of Magic Dart by Vehumet.
   643 | D        | Reached ** piety under Vehumet
   643 | D        | Reached skill level 5 in Short Blades
   643 | D        | Reached skill level 1 in Shields
   681 | D        | Found a blossoming altar of Fedhas.
   681 | D        | Found a stormy altar of Qazlal.
   681 | D        | Found a snail-covered altar of Cheibriados.
   681 | D        | Found a burning altar of Makhleb.
   681 | D        | Found a shimmering altar of Xom.
   682 | D        | Found a hazy altar of Hepliaklqana.
   682 | D        | Found an opulent altar of Gozag.
   682 | D        | Found a sparkling altar of Nemelex Xobeh.
   682 | D        | Found a corrupted altar of Lugonu.
   682 | D        | Found a viscous altar of Jiyva.
   769 | D        | Reached *** piety under Vehumet
   779 | D        | Killed a yaktaur
   848 | D        | Noticed a two-headed ogre
   857 | D        | Killed a two-headed ogre
   857 | D        | Offered knowledge of Throw Frost by Vehumet.
   857 | D        | Reached skill level 14 in Spellcasting
   915 | D        | Learned a level 2 spell: Throw Frost
  1044 | D        | Noticed a two-headed ogre
  1044 | D        | Noticed Erolcha
  1052 | D        | Killed Erolcha
  1052 | D        | Offered knowledge of Static Discharge by Vehumet.
  1052 | D        | Reached skill level 5 in Fighting
  1052 | D        | Reached skill level 5 in Armour
  1052 | D        | Reached XP level 9. HP: 35/52 MP: 15/29
  1063 | D        | Killed a two-headed ogre
  1063 | D        | Reached **** piety under Vehumet
  1297 | D        | Offered knowledge of Mephitic Cloud by Vehumet.
  1297 | D        | Reached skill level 15 in Spellcasting
  1302 | D        | Learned a level 3 spell: Mephitic Cloud
  1599 | D        | Reached skill level 1 in Air Magic
  1602 | D        | Reached ***** piety under Vehumet
  1602 | D        | Offered knowledge of Bolt of Fire by Vehumet.
  1603 | D        | Reached skill level 1 in Poison Magic
  1620 | D        | Learned a level 6 spell: Bolt of Fire
  1696 | D        | Offered knowledge of Ozocubu's Refrigeration by Vehumet.
  1696 | D        | Reached skill level 10 in Fire Magic
  1713 | D        | Reached XP level 10. HP: 28/60 MP: 17/31
  1926 | D        | Reached ****** piety under Vehumet
  1934 | D        | Offered knowledge of Orb of Destruction by Vehumet.
  1943 | D        | Learned a level 7 spell: Orb of Destruction
  2335 | D        | Offered knowledge of Spellforged Servitor by Vehumet.
  2386 | D        | Reached skill level 16 in Spellcasting
  2386 | D        | Reached skill level 10 in Conjurations
  2436 | D        | Got a scintillating copper amulet
  2442 | D        | Got a steaming great sword
  2451 | D        | Identified the +8 great sword of Nuhoem {antimagic, rC+ MR++ Dex+2} (You found it in the Dungeon)
  2457 | D        | Identified the amulet of Zaq Gomy {Harm *Drain +Inv rN+ Str+3} (You found it in the Dungeon)
  2641 | D        | Noticed a spiny frog
  2641 | D        | Noticed a spiny frog
  2644 | D        | Killed a spiny frog
  2644 | D        | Reached skill level 5 in Ice Magic
  2644 | D        | Reached skill level 1 in Evocations
  2646 | D        | Killed a spiny frog
  2646 | D        | Offered knowledge of Conjure Ball Lightning by Vehumet.
  3228 | D        | Noticed a lindwurm
  3231 | D        | Killed a lindwurm
  3231 | D        | Reached skill level 5 in Shields
  3233 | D        | Reached skill level 10 in Dodging
  3257 | D        | HP: 3/61 [poisoned by a redback]
  3262 | D        | HP: 2/61 [poisoned by a redback]
  3538 | D        | Offered knowledge of Freezing Cloud by Vehumet.
  3546 | D        | HP: 3/61 [poisoned by a redback]
  3547 | D        | Succumbed to a redback's poison

Vault maps used:
D:        dungeon_sprint_mu

Skill      XL: |  1  2  3  4  5  6  7  8  9 10 |
---------------+-------------------------------+-----
Spellcasting   | 4 6 8 9 12 13 14 15 16 | 16.6
Conjurations   | 2 3 4 5 7 9 10 | 10.3
Fire Magic     | 4 5 6 8 9 10 | 10.8
Short Blades   | 4 6 7 |  7.8
Fighting       | 3 4 5 6 |  6.5
Armour         | 3 4 5 6 |  6.8
Dodging        | 5 6 8 9 10 | 10.0
Shields        | 3 5 |  5.0
Ice Magic      | 2 3 5 |  5.5
Air Magic      | 2 4 |  4.2
Poison Magic   | 2 4 |  4.7
Evocations     | 2 |  2.5
Stealth        | |  2.4

Action                   |  1- 3 |  4- 6 |  7- 9 | 10-12 || total
-------------------------+-------+-------+-------+-------++-------
Melee: Dagger            |       |     1 |     2 |     3 ||     6
 Cast: Flame Tongue      |    14 |     5 |    60 |    14 ||    93
       Conjure Flame     |     1 |     1 |     9 |     3 ||    14
       Inner Flame       |     1 |       |     5 |       ||     6
       Sticky Flame      |       |     3 |    13 |     8 ||    24
       Throw Flame       |       |       |     1 |       ||     1
       Mephitic Cloud    |       |       |     5 |     1 ||     6
       Bolt of Fire      |       |       |       |    22 ||    22
       Throw Frost       |       |       |       |     4 ||     4
       Orb of Destructio |       |       |       |     2 ||     2
  Use: Scroll            |       |     3 |       |     1 ||     4
       Potion            |       |     2 |     1 |     3 ||     6
 Stab: Sleeping          |       |     1 |       |       ||     1
       Confused          |       |       |     1 |       ||     1
  Eat: Royal jelly       |       |       |     3 |     5 ||     8
       Chunk             |       |       |     1 |       ||     1
Armor: Robe              |       |       |     1 |     1 ||     2
Dodge: Dodged            |     1 |     3 |    19 |    28 ||    51

Table legend:
 A = Spawn XP
 B = Non-spawn XP
 C = Spawn XP percentage of total XP
 D = Spawn monster count
 E = Non-spawn monster count
 F = Spawn count percentage of total count
 G = Total turns spent on level
                    A         B        C        D         E        F      G
               +---------+---------+-------+---------+---------+-------+---------
         Total |       0 |   10599 |   0.0 |       0 |      74 |   0.0 |  3547
               +---------+---------+-------+---------+---------+-------+---------
             D |       0 |   10599 |   0.0 |       0 |      74 |   0.0 |  3547
               +---------+---------+-------+---------+---------+-------+---------
